 Dungeon Crawl Stone Soup version 0.31.0-4-g52a2dc7128 (webtiles) character file.

Game seed: 7751226446979907971

1600156 Sobieck the Minotaur Barricade (level 26, 266/266 HPs)
             Began as a Minotaur Fighter on Jan 22, 2024.
             Was the Champion of Trog.
             Escaped with the Orb
             ... and 3 runes!
             The game lasted 04:15:42 (77777 turns).

Sobieck the Minotaur Barricade (Minotaur Fighter)  Turns: 77777, Time: 04:15:43

Health: 266/266    AC: 41    Str: 23    XL:     26   Next: 92%
Magic:  25/25      EV: 15    Int: 12    God:    Trog [******]
Gold:   6860       SH: 29    Dex: 14    Spells: 25/25 levels left

rFire   + + +        F - +4 consecrated labrys {holy, Valiant ^Fragile Fly SInv}
rCold   + + .        S - +4 tower shield
rNeg    + . .        k - +4 gold dragon scales
rPois   +            (helmet unavailable)
rElec   +            h - +2 cloak {Will+}
rCorr   +            d - +0 pair of gloves of Mezcal {rPois SInv Stlth+}
SInv    +            w - +2 pair of boots "Noythago" {rPois rF+ Will+ rCorr}
Will    ++++.        c - amulet of Vitality {RegenMP++ Regen++} Stlth
                     n - ring "Boliecs" {rElec rPois rF++ rN+ Will+ Str-4}
HPRegen 2.24/turn    N - ring "Ogusiwic" {rF+ rCorr Int+3 Dex+2}
MPRegen 0.99/turn

%: clarity
@: flying, studying Shields
A: horns 3, retaliatory headbutt, clarity, clever 1, cold resistance 1,
deterioration 2, fire resistance 1, weak 1, inability to drink after injury 1
0: Orb of Zot
}: 3/15 runes: barnacled, silver, gossamer
a: Renounce Religion, Berserk, Trog's Hand, Brothers in Arms


You escaped.
You worshipped Trog.
Trog was exalted by your worship.
You visited 10 branches of the dungeon, and saw 50 of its levels.
You visited the Abyss 1 time.
You also visited: Trove.

You collected 10260 gold pieces.
You spent 3400 gold pieces at shops.

Inventory:

Hand Weapons
 a - a +1 heavy spear {god gift}
 F - the +4 consecrated labrys (weapon) {holy, Valiant ^Fragile Fly SInv}
   (You found it on level 3 of the Elven Halls)

   Valiant:   It becomes more powerful as more dangerous foes come into view.
   SInv:      It lets you see invisible.
   Fly:       It grants you flight.
   ^Fragile:  It will be destroyed if unequipped.
Missiles
 t - 70 boomerangs
 v - 31 javelins
 x - 32 silver javelins (quivered)
 Z - 16 throwing nets
Armour
 d - the +0 pair of gloves of Mezcal (worn) {rPois SInv Stlth+}
   (You found it on level 4 of the Spider Nest)

   rPois:     It protects you from poison SInv: It lets you see invisible.
   Stlth+:    It makes you more stealthy.
 h - a +2 cloak of willpower (worn)
 k - +4 gold dragon scales (worn)
 u - the +0 hat of Yredelemnul's Regard {Regen+ rCorr Dex+2}
   (You found it on level 4 of the Shoals)

   Dex+2:     It affects your dexterity (+2).
   Regen+:    It increases your rate of health regeneration.
   rCorr:     It protects you from acid and corrosion.
 w - the +2 pair of boots "Noythago" (worn) {rPois rF+ Will+ rCorr}
   (You found it on level 4 of the Spider Nest)

   rF+:       It protects you from fire.
   rPois:     It protects you from poison Will+: It increases your willpower.
   rCorr:     It protects you from acid and corrosion.
 S - a +4 tower shield (worn)
Jewellery
 c - the amulet of Vitality (around neck) {RegenMP++ Regen++}
   (You found it on level 3 of the Elven Halls)

   [amulet of magic regeneration]

   RegenMP:   It increases your rate of magic regeneration.
   Regen++:   It increases your rate of health regeneration.
 m - a ring of willpower
 n - the ring "Boliecs" (left hand) {rElec rPois rF++ rN+ Will+ Str-4}
   (You took it off a deep elf death mage on level 3 of the Elven Halls)

   [ring of poison resistance]

   Str-4:     It affects your strength (-4).
   rF++:      It greatly protects you from fire.
   rElec:     It insulates you from electricity.
   rPois:     It protects you from poison rN+: It protects you from negative
   energy.
   Will+:     It increases your willpower.
 y - the ring of Uhixtifuaj {rPois rN+ Str+8 Dex+6 Slay-5}
   (You found it in a treasure trove)

   [ring of dexterity]

   Str+8:     It affects your strength (+8).
   Dex+6:     It affects your dexterity (+6).
   Slay-5:    It affects your accuracy & damage with ranged weapons and melee
   (-5).
   rPois:     It protects you from poison rN+: It protects you from negative
   energy.
 G - a +5 ring of evasion
 N - the ring "Ogusiwic" (right hand) {rF+ rCorr Int+3 Dex+2}
   (You found it in a treasure trove)

   [ring of protection from fire]

   Int+3:     It affects your intelligence (+3).
   Dex+2:     It affects your dexterity (+2).
   rF+:       It protects you from fire.
   rCorr:     It protects you from acid and corrosion.
 W - a +6 ring of strength
Wands
 D - a wand of digging (20)
 I - a wand of iceblast (31)
 J - a wand of acid (24)
 P - a wand of paralysis (32)
Scrolls
 b - 9 scrolls of blinking
 e - 7 scrolls of immolation
 g - 5 scrolls of enchant weapon
 j - 6 scrolls of fog
 l - 16 scrolls of poison
 A - 11 scrolls of vulnerability
 C - 6 scrolls of fear
 M - 2 scrolls of revelation
 R - 2 scrolls of butterflies
 T - 19 scrolls of teleportation
 V - 7 scrolls of silence {!r}
Potions
 f - 7 potions of cancellation
 o - 13 potions of enlightenment
 p - 7 potions of might
 q - 7 potions of lignification
 r - 5 potions of magic
 s - a potion of mutation
 B - 4 potions of ambrosia
 E - 2 potions of resistance
 H - 4 potions of haste
 L - a potion of invisibility
 Q - 10 potions of curing
 Y - 8 potions of heal wounds
Miscellaneous
 z - a lightning rod (4/4)
 K - a phantom mirror
 O - a condenser vane
 U - a phial of floods
 X - a box of beasts


   Skills:
 O Level 27 Fighting
 - Level 18.0 Axes
 - Level 12.0 Throwing
 O Level 27 Armour
 + Level 24.2 Dodging
 O Level 27 Shields
 - Level 0.3 Spellcasting
 - Level 4.8 Invocations
 - Level 12.0 Evocations


You had 25 spell levels left.
You didn't know any spells.
Your spell library contained the following spells:

 Spells                   Type           Power      Damage    Failure   Level
 Apportation              Tloc           0%         N/A       95%         1
 Jinxbite                 Hex            0%         N/A       99%         2
 Alistair's Intoxication  Alch           0%         N/A       100%        5


Dungeon Overview and Level Annotations

Branches:
Dungeon (15/15)            Temple (0/1) D:7            Lair (5/5) D:10
 Shoals (4/4) Lair:3       Spider (4/4) Lair:2        Slime (0/5) Lair:5
    Orc (2/2) D:12            Elf (3/3) Orc:2        Vaults (5/5) D:14
  Crypt (3/3) Vaults:2       Tomb (0/3) Crypt:3      Depths (4/4) D:15
    Zot (5/5) Depths:4

Altars:
Ashenzari
Cheibriados
Elyvilon
Fedhas
Hepliaklqana
Kikubaaqudgha
Nemelex Xobeh
Okawaru
Sif Muna
Trog
Wu Jian
Xom
Yredelemnul
Zin
The Shining One
Jiyva

Shops:
D:4 *   D:5 [   D:6 *   D:8 *   D:13 (   Orc:2 !(***   Elf:3 =(   Shoals:1 (=(
Vaults:4 [?   Depths:2 ==:

Portals:
Hell: Depths:1 Depths:2 Depths:3 Depths:4
Abyss: Depths:1 Depths:2 Depths:3
Pandemonium: Depths:2
Ziggurat: Depths:1

Annotations:
Elf:2 3 runed translucent doors
Vaults:5 ! DONOTGO
Depths:4 2 transporters, frimble's ghost, adept DsGl
Zot:5 exclusion: orange crystal statue


Innate Abilities, Weirdness & Mutations

You have a pair of large horns on your head.
You reflexively headbutt those who attack you in melee.
You possess an exceptional clarity of mind.
Your mind is acute. (Int +4, Str/Dex -1)
Your flesh is cold resistant. (rC+)
Your body often deteriorates upon taking damage.
Your flesh is heat resistant. (rF+)
You are weak. (Str -2)
You occasionally lose the ability to drink potions when taking damage.


Message History

Unknown command.
You block the Orb Guardian's attack.
You slice the Orb Guardian like a ripe choko!!!
Your headbutt misses the Orb Guardian.
The Orb Guardian is heavily wounded.
The Orb Guardian hits you!!
You slice the Orb Guardian!! Your headbutt misses the Orb Guardian.
The Orb Guardian is severely wounded.
You block the Orb Guardian's attack.
You hit the Orb Guardian but do no damage.
The Orb Guardian is severely wounded.
The Orb Guardian hits you!
You slash the Orb Guardian! Your headbutt misses the Orb Guardian.
The Orb Guardian is severely wounded.
The Orb Guardian barely misses you. You furiously retaliate!
You headbutt the Orb Guardian!! You slash the Orb Guardian!
You kill the Orb Guardian!
Trog accepts your kill.
No target in view!
What level of the Dungeon? (default 1, ? - help) HP restored.
There is an escape hatch in the ceiling here.
There is a stone staircase leading up here.
You fly upwards.
There is a stone staircase leading down here.
There is a stone staircase leading up here.
You fly upwards.
There is a stone staircase leading down here.
Unknown command.
A red devil comes into view. It is wielding a +0 trident.
Danger!
You block the red devil's attack.
You barely miss the red devil. You barely miss the red devil.
The red devil closely misses you.
You slash the red devil!
The red devil convulses.
The red devil is moderately wounded.
You block the red devil's attack.
You closely miss the red devil.
The red devil is moderately wounded.
You slash the red devil!
The red devil convulses!
You headbutt the red devil.
The red devil is almost dead.
You block the red devil's attack.
You slash the red devil!
You kill the red devil!
Trog accepts your kill.
No target in view!
You see here a +0 trident.
There is a staircase leading out of the dungeon here.
You have escaped!

##.##.......#...#...#.........##.
##'##....#...#..#..#...#..##'###.
....#.....#..#..#..#..#....#.#...
....#......#..#.#.#..#.......###.
....#...#...#.#.#.#.#...#........
....#....##..#.#.#.#..##.........
.####......##.#...#.##...........
.####........#.....#.........)...
.......######...@...######......#
.####........#.....#.......#+##.#
.# #......##.#...#.##.....#.##.#
.# ##...##..#.#.#.#..##...#.##'#
.# #..#...#.#.#.#.#...#........
.# #.....#..#.#.#..#......#..).
## #....#..#..#..#..#.....#....
##..#...#..#..#...#..###....
#.....#...#...#.....# #....


There were no monsters in sight!

Vanquished Creatures
  Frederick (Vaults:3)
  8 dread liches
  5 orbs of fire
  4 ancient liches
  Mara (Depths:2)
  A juggernaut (Depths:3)
  Josephina (Zot:3)
  3 Killer Klowns (Zot:5)
  Margery (Depths:2)
  4 caustic shrikes
  17 golden dragons
  3 bone dragons
  Jory (Depths:3)
  A doom hound (Depths:4)
  A shard shrike zombie (Crypt:3)
  2 electric golems (Zot:5)
  A hellephant (Depths:2)
  Grunn (Depths:4)
  13 tentacled monstrosities
  27 Orb Guardians
  4 liches
  2 titans (Vaults:5)
  3 deep elf blademasters
  A shard shrike skeleton (Abyss:2)
  8 quicksilver dragons
  A walking frostbound tome (D:15)
  4 sphinxes
  3 deep elf master archers (Elf:3)
  7 death cobs
  An Executioner (D:10)
  Kirke (D:12)
  3 ancient champions
  6 tengu reavers
  Roxanne (Elf:2)
  11 storm dragons
  4 shadow dragons
  A revenant (Crypt:1)
  2 protean progenitors (Zot:2)
  3 draconian monks
  The ghost of robotcentaur the Nimble, an adept TeNe of Gozag (Spider:1)
  4 deep elf sorcerers
  8 fire giants
  10 frost giants
  16 vault wardens
  3 draconian knights
  5 draconian shifters
  The ghost of Wecaes the Arsonist, a journeyman HOFE of Okawaru (Shoals:2)
  2 iron dragons
  A caustic shrike zombie (Crypt:1)
  3 draconian scorchers
  5 emperor scorpions
  3 deep elf elementalists (Elf:3)
  4 orc warlords
  A curse skull (Crypt:1)
  An angel (Shoals:4)
  2 spectral caustic shrikes (Depths:4)
  6 draconian stormcallers
  4 ghost moths
  3 reapers
  4 spriggan defenders (Depths:3)
  3 draconian annihilators
  23 very ugly things
  16 ironbound preservers
  15 ghouls
  22 stone giants
  A caustic shrike skeleton (Depths:1)
  7 ironbound thunderhulks
  3 broodmothers
  5 deep elf death magi
  7 deep elf demonologists
  An apis (Shoals:3)
  A lorocyproca (Depths:2)
  18 vampire knights
  2 war gargoyles (Vaults:5)
  10 dire elephants
  13 white draconians
  7 black draconians
  3 deep elf annihilators
  8 green draconians
  16 purple draconians
  9 red draconians
  11 yellow draconians
  6 spark wasps
  6 eidola
  Azrael (Elf:2)
  12 ettins
  3 crystal guardians
  A spectral kraken (Shoals:3)
  A mummy priest (Crypt:2)
  11 merfolk javelineers
  7 entropy weavers
  8 merfolk impalers
  9 fire dragons
  27 vault guards
  7 yaktaur captains
  Fannar (Lair:1)
  11 jiangshi
  A quicksilver dragon skeleton (Crypt:1)
  3 deep elf high priests
  A peacekeeper (Vaults:3)
  4 spriggan zombies
  6 hydras
  5 rakshasas
  5 spriggan air magi
  6 great orbs of eyes
  A death knight (Crypt:2)
  2 ice dragons (D:15)
  3 alligator snapping turtles
  3 catoblepae
  2 ogre magi
  A merfolk avatar (Shoals:3)
  4 radroaches
  8 ironbound frosthearts
  3 ghost crabs (Shoals:3)
  11 merfolk aquamancers
  14 dancing weapons
  A jorogumo (Spider:4)
  2 deep troll shamans (Depths:1)
  11 two-headed ogres
  11 boulder beetles
  12 centaur warriors
  3 tengu warriors
  A naga sharpshooter (D:15)
  3 occultists
  2 satyrs
  9 death yaks
  13 demonic crawlers
  5 deep troll earth magi
  8 orc high priests
  34 hell knights
  5 spriggan berserkers
  10 vampire magi
  Sonja (D:11)
  A hell hog (Abyss:2)
  A soul eater (Crypt:2)
  4 fire crabs (D:15)
  A holy swine (Shoals:3)
  8 deep elf knights
  4 iron trolls
  A wretched star (Abyss:2)
  Amaemon (Lair:1)
  2 skysharks
  7 pharaoh ants
  41 skeletal warriors
  3 death drakes (Zot:2)
  3 sun demons
  A salamander mystic (D:15)
  A golden dragon zombie (Depths:1)
  9 sea snakes
  An anaconda zombie (Crypt:2)
  4 shadow wraiths
  2 shadow demons (Crypt:2)
  51 deep trolls
  An orb spider (shapeshifter) (Depths:2)
  18 orb spiders
  2 bog bodies (Crypt:1)
  3 cherubim (Shoals:4)
  2 sun moths
  9 arcanists
  An orange crystal statue (Lair:4)
  16 ironbound convokers
  4 flayed ghosts
  9 lindwurms
  6 steelbarb worms
  4 glowing orange brains
  12 harpies
  27 phantasmal warriors
  12 deep elf archers
  2 golden dragon skeletons (Crypt:1)
  13 deep elf zephyrmancers
  11 necromancers
  2 wolf spider zombies (D:14)
  19 deep elf pyromancers
  4 fauns (Shoals:3)
  19 orc knights
  2 shining eyes (shapeshifter)
  29 ugly things
  A jorogumo skeleton (Crypt:1)
  2 spectral merfolk (Shoals:3)
  8 orc sorcerers
  3 iron dragon zombies
  A frost giant zombie (Vaults:2)
  17 wolf spiders
  22 manticores
  A human zombie (Vaults:2)
  6 cyclopes
  8 centaur zombies
  3 meliai (Spider:2)
  An elephant (shapeshifter) (Depths:3)
  10 salamanders (D:15)
  3 stone giant skeletons
  11 torpor snails
  A frost giant skeleton (Vaults:2)
  22 vault sentinels
  10 black mambas
  13 elephants
  26 moths of wrath
  A dire elephant zombie (Crypt:3)
  4 merfolk sirens
  3 orange demons
  An alligator snapping turtle zombie (Crypt:3)
  2 kobold blastminers (Orc:2)
  A smoke demon (Abyss:2)
  15 cane toads
  2 water nymphs
  A storm dragon simulacrum (Zot:3)
  A torpor snail (shapeshifter) (Vaults:5)
  A mana viper zombie (Crypt:1)
  A titan simulacrum (Vaults:2)
  4 centaur skeletons (D:14)
  46 yaktaurs
  2 cane toads (shapeshifter)
  4 komodo dragons
  2 unseen horrors
  7 gargoyles
  3 kobold demonologists
  2 large abominations (Abyss:2)
  10 rime drakes
  A yellow draconian zombie (Crypt:2)
  A redback zombie (D:14)
  3 spectral sea snakes (Shoals:3)
  An iron troll zombie (Crypt:1)
  An ice devil (D:12)
  Psyche (D:11)
  5 freezing wraiths
  A yaktaur skeleton (Vaults:2)
  4 ancient zymes (Abyss:2)
  A ghost moth simulacrum (Zot:3)
  A golden dragon simulacrum (Zot:3)
  A red draconian skeleton (Crypt:1)
  3 tengu conjurers
  A harpy zombie (Crypt:1)
  A human skeleton (Vaults:2)
  2 red devils
  A wind drake (shapeshifter) (D:15)
  3 tyrant leeches (Lair:5)
  4 trolls
  5 wind drakes
  2 tarantellas (shapeshifter)
  15 hornets
  2 hydra zombies
  3 raiju (Abyss:2)
  A blink frog (shapeshifter) (Elf:1)
  24 tarantellas
  18 dream sheep
  30 merfolk
  15 blink frogs
  3 ettin zombies
  2 glass eyes (Depths:2)
  2 spectral manticores (Shoals:3)
  2 snapping turtles (Shoals:1)
  A meliai zombie (D:14)
  12 jumping spiders
  A draconian simulacrum (Zot:3)
  A satyr skeleton (Crypt:2)
  A raiju (shapeshifter) (D:15)
  19 culicivoras
  A centaur simulacrum (Crypt:1)
  3 air elementals (Elf:1)
  Sigmund (D:6)
  25 water elementals
  7 spriggans
  7 fire dragon skeletons (Crypt:1)
  2 shadows
  28 slime creatures
  A spectral wind drake (Shoals:3)
  A ynoxinul (D:9)
  An ettin skeleton (Crypt:1)
  A spriggan (shapeshifter) (Vaults:5)
  A vampire (D:14)
  3 hogs
  13 wraiths
  5 wyverns
  7 fire elementals
  43 yaks
  7 basilisks
  4 wargs
  Eustachio (D:5)
  35 redbacks
  3 steam dragons
  12 vampire mosquitoes
  A merfolk zombie (Crypt:3)
  2 chaos spawn (Abyss:2)
  3 naga zombies
  A glowing shapeshifter zombie (Vaults:2)
  An ogre zombie (Vaults:2)
  4 acid dragons
  A harpy simulacrum (Crypt:2)
  6 hell hounds
  19 water moccasins
  3 black bears
  A fire bat skeleton (Crypt:1)
  23 orc warriors
  A snapping turtle zombie (Crypt:3)
  2 ice beasts
  4 meliai simulacra (D:15)
  A sky beast (D:8)
  A lindwurm zombie (Crypt:2)
  2 blink frog zombies
  3 boggarts (Crypt:2)
  11 laughing skulls
  The ghost of jejorda2 the Ruffian, an amateur DrBe of Trog (D:3)
  10 ogres
  17 wolves
  11 centaurs
  A spectral cyclops (Shoals:3)
  4 kobold brigands
  2 gnoll sergeants
  Blork the orc (D:6)
  A brain worm (shapeshifter) (D:13)
  10 bullfrogs
  The ghost of middlethird the Magician, an amateur VSFE (D:3)
  4 necrophages
  A draconian skeleton (Crypt:3)
  2 small abominations (Abyss:2)
  A naga simulacrum (Crypt:1)
  4 scorpions
  9 wights (D:8)
  A cyclops skeleton (Crypt:1)
  A troll zombie (Crypt:3)
  16 killer bees
  A polar bear zombie (Crypt:2)
  4 howler monkeys
  A spriggan skeleton (Crypt:3)
  An electric eel (Spider:2)
  A raiju skeleton (Crypt:2)
  4 lava snakes (Lair:4)
  7 jellies
  3 bombardier beetles
  8 hounds
  18 orc priests
  Crazy Yiuf (D:5)
  3 iguanas
  24 orc wizards
  6 hell rats (Lair:3)
  5 gnolls
  A gnoll (shapeshifter) (D:12)
  A steam dragon zombie (Crypt:2)
  6 adders
  2 shadow imps (D:7)
  2 white imps (D:7)
  2 ufetubi (D:6)
  An iguana zombie (Crypt:2)
  An iguana skeleton (Crypt:2)
  3 ribbon worms
  2 dart slugs (D:1)
  65 orcs
  5 endoplasms
  2 giant cockroaches (D:2)
  7 hobgoblins
  5 quokkas
  11 ball pythons
  6 bats
  A frilled lizard (D:1)
  11 goblins
  8 kobolds
  4 rats
  A lurking horror (Abyss:2)
  2 spectral weapons (Zot:5)
2261 creatures vanquished.

Vanquished Creatures (collateral kills)
  the Enchantress (Depths:3)
  A doom hound (Depths:4)
  Arachne (Spider:3)
  Louise (D:15)
  3 merfolk impalers (Shoals:4)
  A deep elf high priest (Depths:2)
  2 vault guards (Vaults:5)
  An ice dragon (Depths:2)
  3 merfolk aquamancers (Shoals:4)
  A hell knight (Depths:2)
  A freezing wraith (Vaults:5)
  A jumping spider (Spider:3)
17 creatures vanquished.

Vanquished Creatures (others)
  A draconian knight (Zot:1)
  A formless jellyfish (Shoals:4)
  A very ugly thing (Depths:2)
  A merfolk avatar (Shoals:4)
  An arcanist (Vaults:4)
  A deep elf zephyrmancer (Elf:3)
  A vault sentinel (Vaults:5)
  A merfolk (Shoals:3)
  A tarantella (Spider:4)
  A culicivora (Spider:4)
  An orc priest (Orc:2)
  An orc wizard (Orc:2)
  A gnoll (D:9)
  A white imp (Abyss:2)
  4 tentacles (Shoals:3)
18 creatures vanquished.

Grand Total: 2296 creatures vanquished

Notes
Turn   | Place    | Note
-------+----------+-------------------------------------------
     0 | D:1      | Sobieck the Minotaur Fighter began the quest for the Orb.
     0 | D:1      | Reached XP level 1. HP: 19/19 MP: 0/0
   286 | D:1      | Reached XP level 2. HP: 27/27 MP: 1/1
   379 | D:1      | Reached skill level 3 in Axes
   835 | D:1      | Reached XP level 3. HP: 30/33 MP: 2/2
  1257 | D:2      | Found an ornate altar of the Wu Jian Council.
  1827 | D:3      | Reached XP level 4. HP: 20/41 MP: 3/3
  1942 | D:3      | Identified the +1 kite shield of the Kappa {Rampage *Slow
                  | rN++}
  2215 | D:3      | Reached XP level 5. HP: 17/48 MP: 4/4
  2477 | D:3      | Found a runed translucent gate.
  2501 | D:3      | Found a runed translucent gate.
  2501 | D:3      | Found a runed translucent gate.
  2502 | D:3      | Noticed middlethird's ghost (amateur VSFE)
  2502 | D:3      | Noticed jejorda2's ghost (amateur DrBe)
  2635 | D:3      | Found a sparkling altar of Nemelex Xobeh.
  2636 | D:3      | You fall into a shaft and drop 3 floors!
  2650 | D:6      | Noticed Sigmund
  2655 | D:5      | Entered Level 5 of the Dungeon
  2722 | D:5      | Found Lufynt's Armour Shoppe.
  2928 | D:5      | Reached XP level 6. HP: 57/57 MP: 5/5
  3006 | D:5      | Reached skill level 6 in Fighting
  3638 | D:4      | Found Ifror's Overcharged Wands.
  3722 | D:4      | Found a bloodstained altar of Trog.
  3783 | D:4      | Became a worshipper of Trog the Wrathful
  4033 | D:5      | Reached skill level 6 in Axes
  4033 | D:5      | Reached XP level 7. HP: 58/66 MP: 6/6
  4224 | D:5      | Found a runed translucent door.
  4225 | D:5      | Noticed Crazy Yiuf
  4450 | D:5      | Bought a +0 cloak for 49 gold pieces
  4455 | D:5      | Bought a +0 chain mail for 49 gold pieces
  4786 | D:6      | Noticed Eustachio
  4813 | D:5      | Killed Eustachio
  4938 | D:6      | Reached XP level 8. HP: 74/74 MP: 7/7
  5172 | D:6      | Killed Sigmund
  5173 | D:6      | Reached skill level 9 in Fighting
  5246 | D:6      | Reached skill level 9 in Axes
  5344 | D:6      | Found Woazocas's General Store.
  5350 | D:6      | Bought a potion of might for 44 gold pieces
  5370 | D:6      | Found a snail-covered altar of Cheibriados.
  5379 | D:6      | Found a glowing silver altar of Zin.
  5416 | D:6      | Noticed Blork the orc
  5424 | D:6      | Killed Blork the orc
  5735 | D:7      | Reached * piety under Trog
  5776 | D:7      | Reached XP level 9. HP: 83/83 MP: 8/8
  5944 | D:7      | Found a staircase to the Ecumenical Temple.
  6457 | D:7      | Reached skill level 12 in Axes
  6477 | D:8      | Reached skill level 1 in Invocations
  6643 | D:8      | Found a shimmering altar of Xom.
  6992 | D:8      | Reached skill level 3 in Invocations
  7304 | D:8      | Found Odyrul's General Store.
  7335 | D:8      | Reached ** piety under Trog
  7338 | D:8      | Reached skill level 6 in Armour
  7536 | D:8      | Found a hazy altar of Hepliaklqana.
  8002 | D:9      | Reached XP level 10. HP: 59/91 MP: 12/12
  8114 | D:9      | Noticed a two-headed ogre
  8125 | D:9      | Killed a two-headed ogre
  8225 | D:9      | Reached skill level 9 in Armour
  8553 | D:9      | Reached skill level 1 in Evocations
  8965 | D:10     | Entered Level 10 of the Dungeon
  8965 | D:10     | Found a broken altar of Ashenzari.
  9533 | D:10     | Noticed a gargoyle
  9545 | D:10     | Killed a gargoyle
  9749 | D:10     | Noticed an elephant
  9749 | D:10     | Noticed a death yak
  9750 | D:10     | Found a staircase to the Lair.
  9802 | D:9      | Killed an elephant
  9935 | D:10     | Killed a death yak
 10046 | D:10     | Reached XP level 11. HP: 87/99 MP: 13/13
 10893 | D:10     | Reached skill level 3 in Evocations
 11384 | D:11     | Reached skill level 15 in Axes
 11384 | D:11     | Reached XP level 12. HP: 106/106 MP: 14/14
 11922 | D:11     | Paralysed by a hornet for 2 turns
 12165 | D:11     | Noticed Psyche
 12171 | D:11     | Killed Psyche
 12267 | D:11     | Noticed Sonja
 12427 | D:11     | Killed Sonja
 12506 | D:11     | Noticed a two-headed ogre
 12514 | D:11     | Killed a two-headed ogre
 12515 | D:11     | Reached skill level 6 in Evocations
 12617 | D:11     | Noticed a two-headed ogre
 12658 | D:11     | Killed a two-headed ogre
 12973 | D:12     | Noticed Kirke
 13587 | D:12     | Reached *** piety under Trog
 13829 | D:12     | Reached skill level 12 in Armour
 13882 | D:12     | Found a staircase to the Orcish Mines.
 14056 | D:12     | Killed Kirke
 14259 | D:12     | Noticed a two-headed ogre
 14289 | D:12     | Killed a two-headed ogre
 14559 | D:12     | Reached skill level 12 in Fighting
 14674 | D:12     | Reached XP level 13. HP: 83/118 MP: 15/15
 15206 | Orc:1    | Entered Level 1 of the Orcish Mines
 15379 | Orc:2    | Entered Level 2 of the Orcish Mines
 15968 | Orc:1    | Reached **** piety under Trog
 16318 | Orc:2    | Found a staircase to the Elven Halls.
 17480 | Orc:2    | Found Firixt's Assorted Antiques.
 17491 | Orc:2    | Bought a scroll labelled LIURROSCHEWK for 29 gold pieces
 20417 | Orc:2    | Found Dema's Distillery.
 20417 | Orc:2    | Found Ige Zeos's Weapon Emporium.
 20419 | Orc:2    | Found Qammi's General Store.
 20419 | Orc:2    | Found Symugiun's Assorted Antiques.
 20430 | Orc:2    | Bought a masterwork broad axe for 198 gold pieces
 20430 | Orc:2    | Identified the +8 broad axe of the Head {flame, rN+} (You
                  | bought it in a shop on level 2 of the Orcish Mines)
 20722 | Orc:2    | Bought a runed hat for 203 gold pieces
 20921 | Lair:1   | Entered Level 1 of the Lair of Beasts
 21166 | Lair:1   | Noticed Fannar
 21182 | Lair:1   | Killed Fannar
 21608 | Lair:1   | Noticed Amaemon
 21649 | Lair:1   | Killed Amaemon
 21823 | Lair:1   | Identified the +1 leather armour of Sufu {rPois rF+++
                  | Regen+ Dex-3}
 21857 | Lair:1   | Reached ***** piety under Trog
 22110 | Lair:2   | Reached XP level 14. HP: 129/133 MP: 16/16
 22112 | Lair:2   | Reached skill level 15 in Armour
 23072 | Lair:2   | Found a hole to the Spider Nest.
 23656 | Lair:3   | Received a gift from Trog
 23741 | Lair:3   | Reached skill level 15 in Fighting
 23851 | Lair:3   | Found a staircase to the Shoals.
 24696 | Lair:4   | Reached skill level 18 in Axes
 25410 | Lair:5   | Entered Level 5 of the Lair of Beasts
 25772 | Lair:5   | Identified the +10 long sword "Trog's Hatred" {drain, Str+3
                  | Int+5}
 25786 | Lair:5   | Reached skill level 1 in Dodging
 26020 | Lair:5   | Reached skill level 3 in Dodging
 26320 | Orc:2    | Bought a lightning rod (4/4) for 1160 gold pieces
 26656 | Lair:5   | Found a viscous altar of Jiyva.
 26663 | Lair:5   | Found a staircase to the Slime Pits.
 26984 | Lair:5   | Reached XP level 15. HP: 144/145 MP: 17/17
 27136 | Lair:5   | Reached ****** piety under Trog
 27902 | Orc:2    | Bought 2 potions of might for 176 gold pieces
 27902 | Orc:2    | Bought a scroll of enchant armour for 165 gold pieces
 28354 | D:13     | Received a gift from Trog
 28420 | D:13     | Reached skill level 6 in Dodging
 28813 | D:13     | Found Cutaupp's Weapon Emporium.
 29915 | D:14     | Found a gate to the Vaults.
 29983 | D:14     | Received a gift from Trog
 30227 | D:14     | Reached skill level 18 in Fighting
 30248 | D:14     | Reached skill level 18 in Armour
 30384 | D:14     | Identified the +6 flail of the Chickpea {flame, rF+ Will+}
 30640 | D:15     | Entered Level 15 of the Dungeon
 30752 | D:15     | Reached XP level 16. HP: 155/157 MP: 18/18
 30908 | D:15     | Noticed Louise
 31109 | D:15     | Killed Louise
 31328 | D:15     | Found a staircase to the Depths.
 31456 | D:15     | Reached skill level 9 in Dodging
 31516 | D:15     | Reached skill level 6 in Shields
 31704 | D:15     | HP: 8/238 [crystal guardian/crystal bolt (25)]
 32653 | Shoals:1 | Entered Level 1 of the Shoals
 33013 | Lair:3   | Received a gift from Trog
 33165 | Shoals:1 | Found Rorackes's Antique Weapon Shoppe.
 33427 | Shoals:1 | Found Arilymm's Antique Weapon Shop.
 33427 | Shoals:1 | Found Pimnixketusm's Jewellery Boutique.
 34166 | Shoals:1 | Bought an amulet of reflection for 510 gold pieces
 34238 | Shoals:1 | Reached skill level 9 in Shields
 34735 | Shoals:2 | Found a runed translucent gate.
 34735 | Shoals:2 | Found a runed translucent gate.
 34735 | Shoals:2 | Found a runed translucent gate.
 34739 | Shoals:2 | Noticed Wecaes's ghost (journeyman HOFE)
 36054 | Shoals:3 | Reached XP level 17. HP: 168/168 MP: 19/19
 37081 | Shoals:4 | Entered Level 4 of the Shoals
 37539 | Abyss:2  | Cast into level 2 of the Abyss (merfolk impaler)
 37666 | Abyss:2  | Reached skill level 12 in Shields
 37779 | Abyss:2  | Noticed a lich
 37786 | Abyss:2  | Killed a lich
 37881 | Abyss:2  | Received a gift from Trog
 38098 | Abyss:2  | Found a corrupted altar of Lugonu.
 38162 | Abyss:2  | Noticed a bone dragon
 38175 | Abyss:2  | Killed a bone dragon
 38178 | Shoals:4 | Escaped the Abyss
 38429 | Shoals:3 | Reached skill level 12 in Dodging
 38607 | Shoals:4 | Identified the +1 plate armour of Parts Unknown {Str+3}
 38941 | Shoals:4 | Paralysed by a formless jellyfish for 1 turns
 39248 | Shoals:4 | Found a glowing silver altar of Zin.
 39387 | Shoals:4 | Reached skill level 15 in Shields
 39432 | Shoals:4 | Found a glowing golden altar of the Shining One.
 39708 | Shoals:4 | Found a white marble altar of Elyvilon.
 40557 | Shoals:4 | Identified the +0 hat of Yredelemnul's Regard {Regen+ rCorr
                  | Dex+2}
 40574 | Shoals:4 | Got a barnacled rune of Zot
 40737 | Spider:1 | Entered Level 1 of the Spider Nest
 40917 | Spider:1 | Reached XP level 18. HP: 169/176 MP: 20/20
 40963 | Spider:1 | Received a gift from Trog
 41161 | Spider:1 | Found a runed translucent door.
 41165 | Spider:1 | Noticed robotcentaur's ghost (adept TeNe)
 42454 | Spider:2 | Identified the +1 orcbow "Alefusiz" {antimagic, rN+ rCorr
                  | Dex-5 Stlth+}
 42871 | Spider:2 | Found the +3 warlock's mirror {omnireflect}
 42901 | Spider:2 | Reached skill level 18 in Shields
 43981 | Spider:3 | Noticed Arachne
 43994 | Spider:3 | Killed Arachne
 44164 | Spider:3 | Received a gift from Trog
 44273 | Spider:3 | Reached skill level 1 in Throwing
 44762 | Spider:3 | Reached skill level 3 in Throwing
 45157 | Spider:4 | Entered Level 4 of the Spider Nest
 45305 | Spider:3 | Reached skill level 9 in Evocations
 45585 | Spider:4 | Received a gift from Trog
 46040 | Spider:4 | Reached skill level 6 in Throwing
 46779 | Spider:4 | Reached XP level 19. HP: 182/182 MP: 21/21
 46820 | Spider:4 | Identified the +2 pair of boots "Noythago" {rPois rF+ Will+
                  | rCorr}
 46967 | Spider:4 | Got a gossamer rune of Zot
 47022 | Spider:4 | Identified the +0 pair of gloves of Mezcal {rPois SInv
                  | Stlth+}
 47342 | Vaults:1 | Entered Level 1 of the Vaults
 47422 | Vaults:1 | Received a gift from Trog
 48753 | Vaults:2 | Reached skill level 9 in Throwing
 48770 | Vaults:2 | Received a gift from Trog
 48911 | Vaults:2 | Reached skill level 12 in Evocations
 49740 | Vaults:2 | Found a staircase to the Crypt.
 49740 | Vaults:2 | Found a basalt altar of Yredelemnul.
 49741 | Vaults:2 | Found an ancient bone altar of Kikubaaqudgha.
 50205 | Vaults:3 | Identified the +4 broad axe "Vapraotz" {god gift, heavy,
                  | Int-4 Dex+3} (Trog gifted it to you on level 3 of the
                  | Vaults)
 50205 | Vaults:3 | Received a gift from Trog
 50210 | Vaults:3 | Identified the orb of Bimyoc Odume {*channel, rC+}
 50210 | Vaults:3 | Noticed Frederick
 50218 | Vaults:3 | Reached skill level 12 in Throwing
 50226 | Vaults:3 | Killed Frederick
 50227 | Vaults:3 | Reached XP level 20. HP: 191/191 MP: 22/22
 51649 | Vaults:4 | Received a gift from Trog
 51734 | Vaults:4 | Reached skill level 21 in Armour
 52591 | Vaults:4 | Found Nyiteh's Magic Scroll Boutique.
 52594 | Vaults:4 | Bought a scroll of enchant armour for 157 gold pieces
 52594 | Vaults:4 | Bought a scroll of noise for 21 gold pieces
 52736 | Vaults:4 | Received a gift from Trog
 52792 | Vaults:4 | Found Ukepriff's Armour Emporium.
 53054 | Depths:1 | Entered Level 1 of the Depths
 53095 | D:15     | Reached skill level 21 in Fighting
 53430 | D:15     | Received a gift from Trog
 53567 | Depths:1 | Found a blossoming altar of Fedhas.
 53587 | Depths:1 | Reached XP level 21. HP: 204/204 MP: 23/23
 53738 | Depths:1 | Reached skill level 21 in Shields
 53877 | Depths:1 | Found a one-way gate to the infinite horrors of the Abyss.
 53921 | Depths:1 | Found a one-way gateway to a ziggurat.
 53948 | Depths:1 | You fall into a shaft and drop 1 floor!
 54476 | Depths:1 | Found a gateway to Hell.
 54838 | Depths:2 | Found Waoj's Jewellery Shoppe.
 54839 | Depths:2 | Found Ellyoticu's Book Shop.
 54840 | Depths:2 | Found Huckef's Jewellery Shoppe.
 54850 | Depths:2 | Bought a ring of see invisible for 165 gold pieces
 54901 | Depths:2 | Received a gift from Trog
 54957 | Depths:2 | Noticed Mara
 54968 | Depths:2 | Noticed Sobieck's illusion
 54982 | Depths:2 | Killed Mara
 55108 | Depths:2 | Found a portal to a secret trove of treasure.
 55124 | Depths:2 | You paid a toll of 17 potions of curing to enter a treasure
                  | trove
 55125 | Trove    | Entered a treasure trove
 55129 | Trove    | Identified the ring of Qiginiss {*Corrode Fly rPois rN+
                  | Dex+6}
 55137 | Trove    | Identified the amulet of the Will of the Gods {Spirit rElec
                  | rC++ Str+3 Slay-2}
 55144 | Trove    | Identified the ring "Ogusiwic" {rF+ rCorr Int+3 Dex+2}
 55149 | Trove    | Identified the ring of Uhixtifuaj {rPois rN+ Str+8 Dex+6
                  | Slay-5}
 55456 | Orc:2    | Bought a scroll of silence for 123 gold pieces
 55456 | Orc:2    | Bought a potion of curing for 39 gold pieces
 55461 | Orc:2    | Bought a potion of mutation for 96 gold pieces
 55461 | Orc:2    | Bought a potion of cancellation for 96 gold pieces
 55461 | Orc:2    | Bought a potion of heal wounds for 60 gold pieces
 55461 | Orc:2    | Bought a potion of heal wounds for 60 gold pieces
 56305 | D:3      | Killed jejorda2's ghost
 56307 | D:3      | Killed middlethird's ghost
 56443 | D:5      | Killed Crazy Yiuf
 56898 | Shoals:2 | Killed Wecaes's ghost
 57107 | Spider:1 | Killed robotcentaur's ghost
 57518 | Depths:2 | Noticed Margery
 57538 | Depths:2 | Killed Margery
 57642 | Depths:2 | Found a one-way gate leading to the halls of Pandemonium.
 57684 | Depths:2 | Noticed a caustic shrike
 57684 | Depths:2 | Noticed a caustic shrike
 57684 | Depths:2 | Noticed a caustic shrike
 57698 | Depths:2 | Killed a caustic shrike
 57701 | Depths:2 | Killed a caustic shrike
 57706 | Depths:2 | Killed a caustic shrike
 57859 | Depths:2 | Found an iron altar of Okawaru.
 57860 | Depths:2 | Identified a scroll of acquirement
 57868 | Depths:2 | Acquired 913 gold pieces
 57967 | Depths:2 | Received a gift from Trog
 58005 | Depths:2 | Identified the +8 war axe of Quick Death {venom, rN++
                  | Str+3}
 58121 | Depths:2 | Found the +3 greatsling "Punk" {acid, rCorr}
 58322 | Depths:2 | Found a glowing golden altar of the Shining One.
 58393 | Depths:3 | Reached XP level 22. HP: 211/220 MP: 24/24
 58499 | Depths:3 | Noticed Jory
 58503 | Depths:3 | Noticed a juggernaut
 58515 | Depths:3 | Killed Jory
 58522 | Depths:3 | Killed a juggernaut
 58604 | Depths:3 | Noticed the Enchantress
 58653 | Depths:3 | Killed the Enchantress
 59123 | Depths:3 | Noticed a golden dragon
 59133 | Depths:3 | Killed a golden dragon
 59359 | Depths:3 | Noticed a caustic shrike
 59369 | Depths:3 | Killed a caustic shrike
 59369 | Depths:3 | Received a gift from Trog
 59485 | Depths:4 | Entered Level 4 of the Depths
 59723 | Depths:4 | Noticed Grunn
 59748 | Depths:4 | Killed Grunn
 59912 | Depths:4 | Found a transporter.
 59916 | Depths:4 | Found a transporter.
 59917 | Depths:4 | Noticed frimble's ghost (adept DsGl)
 59934 | Depths:4 | Noticed a golden dragon
 59941 | Depths:4 | Killed a golden dragon
 60275 | Elf:1    | Entered Level 1 of the Elven Halls
 60435 | Elf:1    | Paralysed by an air elemental for 1 turns
 60535 | Elf:1    | Noticed a golden dragon
 60562 | Elf:1    | Killed a golden dragon
 60897 | Elf:1    | Received a gift from Trog
 60962 | Elf:1    | Paralysed by an air elemental for 1 turns
 60973 | Elf:1    | Identified the amulet "Zonicus" {Reflect rC- Str+6 SH+5}
 60974 | Elf:1    | Identified the +5 spear "Vousumol" {flame, Int+6}
 61281 | Elf:2    | Noticed Azrael
 61294 | Elf:2    | Killed Azrael
 61345 | Elf:2    | Noticed Roxanne
 61507 | Elf:2    | Killed Roxanne
 61572 | Elf:2    | Found a runed translucent gate.
 61572 | Elf:2    | Found a runed translucent gate.
 61572 | Elf:2    | Found a runed translucent gate.
 61598 | Elf:3    | Entered Level 3 of the Elven Halls
 61709 | Elf:3    | Reached skill level 24 in Shields
 61735 | Elf:3    | Found Yntapra's Jewellery Boutique.
 62321 | Elf:3    | Received a gift from Trog
 62338 | Elf:3    | Found Zumpasi's Weapon Shop.
 62680 | Elf:3    | Identified the +10 halberd of the Muttering Goat {distort,
                  | ^Contam Str+4 Int+8 Stlth+}
 62680 | Elf:3    | Identified the amulet "Pethrawki" {Faith Stlth+}
 62939 | Elf:3    | Identified the +0 scale mail of the Volcano {Str+4 Dex+2}
 63006 | Elf:3    | Identified the ring "Boliecs" {rElec rPois rF++ rN+ Will+
                  | Str-4}
 63054 | Elf:3    | Identified the +8 long sword of Deformation {freeze, rC+
                  | Int-4 Stlth+}
 63060 | Elf:3    | Identified the +4 ring mail of Usocrut {rPois rC+}
 63132 | Elf:3    | Found the +4 consecrated labrys {holy, Valiant ^Fragile Fly
                  | SInv}
 63236 | Elf:3    | Identified the ring "Gonoihia" {Str+6 Int-3 Dex+7 Slay-6
                  | SInv}
 63257 | Elf:3    | Reached XP level 23. HP: 226/226 MP: 25/25
 63264 | Elf:3    | Found the ring of the Mage {Wiz Archmagi}
 63266 | Elf:3    | Found the amulet of Vitality {RegenMP++ Regen++}
 63686 | Depths:4 | Received a gift from Trog
 63816 | Depths:4 | Found a gate to the Realm of Zot.
 64025 | Depths:4 | Reached skill level 24 in Armour
 64487 | Crypt:1  | Entered Level 1 of the Crypt
 65295 | Crypt:1  | Received a gift from Trog
 65327 | Crypt:1  | Identified the +9 dagger of Jacegext {heavy, Int+4}
 66063 | Crypt:2  | Reached skill level 27 in Shields
 66220 | Crypt:2  | Received a gift from Trog
 66389 | Crypt:2  | Found a shimmering blue altar of Sif Muna.
 66505 | Crypt:2  | Identified the amulet "Istris" {RegenMP Rampage rF+ rCorr}
 66757 | Crypt:3  | Entered Level 3 of the Crypt
 66884 | Crypt:3  | Reached skill level 24 in Fighting
 67161 | Crypt:3  | Found a staircase to the Tomb.
 67353 | Crypt:3  | Received a gift from Trog
 67382 | Crypt:3  | Reached XP level 24. HP: 239/239 MP: 25/25
 67421 | Crypt:3  | Found an ancient bone altar of Kikubaaqudgha.
 67761 | Crypt:3  | Received a gift from Trog
 67790 | Crypt:3  | Identified the +4 orcbow "Noniopp" {freeze, *Corrode rPois
                  | rF+ Dex+8}
 68218 | Vaults:5 | Entered Level 5 of the Vaults
 68257 | Vaults:5 | Noticed an ancient lich
 68275 | Vaults:5 | Killed an ancient lich
 68291 | Vaults:5 | Received a gift from Trog
 68341 | Vaults:5 | Reached skill level 27 in Armour
 68363 | Vaults:5 | Noticed a dread lich
 68383 | Vaults:5 | Killed a dread lich
 68427 | Vaults:5 | Received a gift from Trog
 68978 | Vaults:5 | Noticed a dread lich
 68982 | Vaults:5 | Killed a dread lich
 69061 | Vaults:5 | Identified the ring "Lisiuwnaot" {rF+ rCorr Str-4 Dex+2
                  | SInv}
 69227 | Vaults:5 | Identified the staff "Onooqof" {rN+ Dex+5 Necro}
 69378 | Vaults:5 | Reached XP level 25. HP: 250/254 MP: 25/25
 69392 | Vaults:5 | Received a gift from Trog
 69393 | Vaults:5 | Reached skill level 27 in Fighting
 69635 | Vaults:5 | Got a silver rune of Zot
 69854 | Vaults:5 | Identified the +0 mace "Ruefair" {drain, rElec rF+ Dex-5}
 70137 | Zot:1    | Entered Level 1 of the Realm of Zot
 71285 | Zot:2    | Reached skill level 15 in Dodging
 71439 | Zot:2    | Received a gift from Trog
 71586 | Zot:2    | Found a shimmering altar of Xom.
 72143 | Zot:3    | Identified the ring "Yraphech" {Ice Will+ rCorr Dex+6 SInv}
 72143 | Zot:3    | Identified the death talisman of Ykesous {+Blink rElec
                  | MP+9}
 72143 | Zot:3    | Noticed Josephina
 72151 | Zot:3    | Killed Josephina
 72430 | Zot:3    | Identified the +1 leather armour of Ignis's Esteem {Fly}
 72585 | Zot:3    | Noticed a dread lich
 72596 | Zot:3    | Noticed a dread lich
 72602 | Zot:3    | Killed a dread lich
 72617 | Zot:3    | Killed a dread lich
 72617 | Zot:3    | Received a gift from Trog
 72619 | Zot:3    | Noticed a dread lich
 72626 | Zot:3    | Noticed a dread lich
 72629 | Zot:3    | Killed a dread lich
 72630 | Zot:3    | Reached skill level 18 in Dodging
 72643 | Zot:3    | Killed a dread lich
 72688 | Zot:3    | Identified the +4 plate armour of Cowardice {Will+ Regen+
                  | Str+3}
 72689 | Zot:3    | Identified the +11 falchion of Absolution {drain, rF+ rN+}
 73506 | Zot:4    | Identified the +2 leather armour of Rateot {rN+ Will-
                  | Str+4}
 73707 | Zot:4    | Reached XP level 26. HP: 262/266 MP: 25/25
 74390 | Zot:5    | Entered Level 5 of the Realm of Zot
 74600 | Zot:5    | Received a gift from Trog
 74955 | Zot:5    | Noticed an ancient lich
 75434 | Zot:5    | Reached skill level 21 in Dodging
 75615 | Zot:5    | Noticed an orb of fire
 75616 | Zot:5    | Gained mutation: Your body sometimes deteriorates upon
                  | taking damage. [an orb of fire]
 75622 | Zot:5    | Gained mutation: Your spells are a little easier to cast,
                  | but a little less powerful. [an orb of fire]
 75632 | Zot:5    | Killed an orb of fire
 75920 | Zot:5    | Noticed an orb of fire
 75923 | Zot:5    | Gained mutation: Your body often deteriorates upon taking
                  | damage. [an orb of fire]
 75926 | Zot:5    | Noticed an ancient lich
 75930 | Zot:5    | Noticed an orb of fire
 75935 | Zot:5    | Gained mutation: You occasionally shout uncontrollably at
                  | your foes. [an orb of fire]
 75935 | Zot:5    | Noticed an orb of fire
 75936 | Zot:5    | Gained mutation: You are dopey. (Int -2) [an orb of fire]
 75944 | Zot:4    | Killed an orb of fire
 75963 | Zot:4    | Lost mutation: You are dopey. (Int -2) [potion of mutation]
 75963 | Zot:4    | Lost mutation: Your body often deteriorates upon taking
                  | damage. [potion of mutation]
 75963 | Zot:4    | Gained mutation: Armour fits poorly on your strangely
                  | shaped body. [potion of mutation]
 75963 | Zot:4    | Gained mutation: You passively dampen the noise of your
                  | surroundings. [potion of mutation]
 75963 | Zot:4    | Gained mutation: You are agile. (Dex +4, Str/Int -1)
                  | [potion of mutation]
 75964 | Zot:4    | Lost mutation: You are agile. (Dex +4, Str/Int -1) [potion
                  | of mutation]
 75964 | Zot:4    | Lost mutation: You occasionally shout uncontrollably at
                  | your foes. [potion of mutation]
 75964 | Zot:4    | Gained mutation: You are covered in fur. (AC +1) [potion of
                  | mutation]
 75964 | Zot:4    | Gained mutation: You are vulnerable to cold. (rC-) [potion
                  | of mutation]
 75964 | Zot:4    | Gained mutation: You are robust. (+10% HP) [potion of
                  | mutation]
 75965 | Zot:4    | Lost mutation: Your body sometimes deteriorates upon taking
                  | damage. [potion of mutation]
 75965 | Zot:4    | Lost mutation: Your spells are a little easier to cast, but
                  | a little less powerful. [potion of mutation]
 75965 | Zot:4    | Gained mutation: Potions are less effective at restoring
                  | your health. [potion of mutation]
 75965 | Zot:4    | Gained mutation: Your mind is acute. (Int +4, Str/Dex -1)
                  | [potion of mutation]
 75966 | Zot:4    | Lost mutation: Potions are less effective at restoring your
                  | health. [potion of mutation]
 75966 | Zot:4    | Lost mutation: You are robust. (+10% HP) [potion of
                  | mutation]
 75966 | Zot:4    | Gained mutation: You are frail. (-10% HP) [potion of
                  | mutation]
 75966 | Zot:4    | Gained mutation: You are resistant to electric shocks.
                  | (rElec) [potion of mutation]
 75967 | Zot:4    | Lost mutation: You are covered in fur. (AC +1) [potion of
                  | mutation]
 75967 | Zot:4    | Lost mutation: Armour fits poorly on your strangely shaped
                  | body. [potion of mutation]
 75967 | Zot:4    | Gained mutation: Your body sometimes deteriorates upon
                  | taking damage. [potion of mutation]
 75967 | Zot:4    | Gained mutation: Your flesh is heat resistant. (rF+)
                  | [potion of mutation]
 76049 | Zot:4    | Killed an ancient lich
 76070 | Zot:5    | Noticed a dread lich
 76087 | Zot:4    | Killed an ancient lich
 76095 | Zot:4    | Killed an orb of fire
 76142 | Zot:4    | Gained mutation: You are weak. (Str -2) [an orb of fire]
 76156 | Zot:4    | Gained mutation: Your magical capacity is low. (-10% MP)
                  | [an orb of fire]
 76163 | Zot:4    | Gained mutation: You occasionally lose the ability to drink
                  | potions when taking damage. [an orb of fire]
 76164 | Zot:4    | Gained mutation: Your body often deteriorates upon taking
                  | damage. [an orb of fire]
 76167 | Zot:4    | Killed an orb of fire
 76168 | Zot:4    | Lost mutation: Your body often deteriorates upon taking
                  | damage. [potion of mutation]
 76168 | Zot:4    | Lost mutation: You passively dampen the noise of your
                  | surroundings. [potion of mutation]
 76168 | Zot:4    | Gained mutation: You are covered in fur. (AC +1) [potion of
                  | mutation]
 76169 | Zot:4    | Lost mutation: You are frail. (-10% HP) [potion of
                  | mutation]
 76169 | Zot:4    | Lost mutation: Your mind is acute. (Int +4, Str/Dex -1)
                  | [potion of mutation]
 76169 | Zot:4    | Lost mutation: Your magical capacity is low. (-10% MP)
                  | [potion of mutation]
 76169 | Zot:4    | Gained mutation: You possess an exceptional clarity of
                  | mind. [potion of mutation]
 76169 | Zot:4    | Lost mutation: You are resistant to electric shocks.
                  | (rElec) [potion of mutation]
 76169 | Zot:4    | Gained mutation: You have a pair of large horns on your
                  | head. [potion of mutation]
 76169 | Zot:4    | Gained mutation: You have large cloven feet. [potion of
                  | mutation]
 76170 | Zot:4    | Lost mutation: You occasionally lose the ability to drink
                  | potions when taking damage. [potion of mutation]
 76170 | Zot:4    | Lost mutation: You are vulnerable to cold. (rC-) [potion of
                  | mutation]
 76170 | Zot:4    | Lost mutation: You have large cloven feet. [potion of
                  | mutation]
 76170 | Zot:4    | Gained mutation: Your flesh is cold resistant. (rC+)
                  | [potion of mutation]
 76170 | Zot:4    | Gained mutation: Your flesh is very cold resistant. (rC++)
                  | [potion of mutation]
 76171 | Zot:4    | Lost mutation: You are covered in fur. (AC +1) [potion of
                  | mutation]
 76171 | Zot:4    | Lost mutation: Your flesh is very cold resistant. (rC++)
                  | [potion of mutation]
 76171 | Zot:4    | Gained mutation: You occasionally lose the ability to drink
                  | potions when taking damage. [potion of mutation]
 76171 | Zot:4    | Gained mutation: Your mind is acute. (Int +4, Str/Dex -1)
                  | [potion of mutation]
 76179 | Zot:5    | Noticed an orb of fire
 76188 | Zot:5    | Gained mutation: Your body often deteriorates upon taking
                  | damage. [an orb of fire]
 76195 | Zot:4    | Killed a dread lich
 76228 | Zot:4    | Killed an orb of fire
 76373 | Zot:5    | Noticed an ancient lich
 76391 | Zot:5    | Killed an ancient lich
 77152 | Zot:5    | Noticed a dread lich
 77166 | Zot:5    | Killed a dread lich
 77167 | Zot:5    | Reached skill level 24 in Dodging
 77232 | Zot:5    | Got the Orb of Zot
 77245 | Zot:5    | Noticed Osmenove the pandemonium lord
 77542 | D:11     | Received a gift from Trog
 77777 | D:$      | Escaped with the Orb!

Illustrated notes

Levels and vault maps discovered:
D:1:      minmay_arrival_radiant_lines, layout_basic
D:2:      layout_basic, basic_altar
D:3:      layout_loops_ring, mainiacjoe_overflow_alcove_1,
          gammafunk_ghost_cemetery
D:4:      layout_rooms, mainiacjoe_overflow_chevrons, serial_glass,
          glass_columns_a, glass_columns_c, hangedman_decor_slide_cut,
          st_stairs_6, nicolae_shop_overcharged_wands
D:5:      layout_loops_ring, serial_shops, nicolae_shop_hallway_plus,
          serial_bayou_ford_a, uniq_crazy_yiuf_cottage
D:6:      layout_cave_pools, grunt_temple_overflow_open, serial_shops,
          nicolae_shop_rolling_square, uniq_eustachio, uniq_blork_the_orc,
          uniq_sigmund
D:7:      layout_basic, minmay_temple_entry_glass
D:8:      layout_loops_corners, mainiacjoe_overflow_small_starburst,
          amcnicky_altar_gilded, serial_shops, nicolae_shop_back_alley_shop
D:9:      layout_basic
D:10:     layout_gridville, ashenzari_conservatory_becter, david_lair_generic
D:11:     layout_irregular_city, nicolae_elevator_lobby_plus, uniq_sonja,
          uniq_psyche
D:12:     layout_loops_ring, david_orc_5, uniq_kirke
D:13:     layout_layer_cave, serial_shops, shop
D:14:     layout_basic, hangedman_vaults_entry_quadrant_bands,
          minmay_misc_feat_square, serial_undead, serial_undead_c,
          serial_undead_c, serial_undead_b, serial_undead_e, serial_undead_e,
          serial_undead_c, abandoned_shop, minmay_crystal_room
D:15:     hangedman_crystal_crosses_colossus [crystal_crosses_arms_four,
          crystal_crosses_arms_two, crystal_crosses_arms_one], uniq_louise
Lair:1:   layout_regular_city, serial_bayou_pond_c, uniq_amaemon, uniq_fannar
Lair:2:   beast_lair_carwin_large_3, layout_regular_city,
          hellmonk_spider_entry_life_and_decay, minivault_24, grunt_megastairs_5
Lair:3:   layout_regular_city, elwin_shoals_entry_stream, lemuel_fruit_fields
Lair:4:   layout_regular_city, disabler_island, lemuel_fruit_tree
Lair:5:   hangedman_lair_in_review, layout_regular_city, wormcave,
          nicolae_slime_entry_field_trip, enter_volcano_3, nicolae_lair_lil_pond
Shoals:1: layout_shoals, serial_shops, nicolae_shop_scrapyard, shop_statue, shop
Shoals:2: layout_shoals, gammafunk_ghost_split
Shoals:3: layout_shoals, nicolae_shoals_spectral_cove
Shoals:4: shoals_end_hellmonk_holy_island
Spider:1: layout_spider_delve, gammafunk_ghost_grave
Spider:2: layout_spider_delve, nicolae_spider_orb_run
Spider:3: layout_spider_delve, nicolae_crawler_farm, uniq_arachne
Spider:4: guppyfry_spider_rune, drop_trap
Orc:1:    layout_caves
Orc:2:    grunt_orc_tribal_feast, layout_caves, serial_shops,
          nicolae_lakefront_shop
Elf:1:    minmay_the_grid_3x2 [minmay_the_grid_dragon_b,
          minmay_the_grid_dragon_a, minmay_the_grid_plusring,
          minmay_the_grid_outer_diamond, minmay_the_grid_holed_spiral,
          minmay_the_grid_prize_diamond_cup], layout_geoelf_diagonals,
          evilmike_minifort
Elf:2:    elven_hall_of_blades_hangedman_original
          [nicolae_blade_entry_hurt_lockers], layout_gridlike, uniq_roxanne,
          uniq_azrael
Elf:3:    elf_hall_gauntlet_narrow, layout_geoelf_octagon, serial_shops,
          nicolae_shop_tiny_statue_garden, nicolae_shop_bloodbath_and_beyond,
          nicolae_elf_archery_training
Vaults:1: nicolae_vaults_windows_and_doors_thing, v_misc_12, vaults_mumra_lcd,
          ontoclasm_vaults_shuriken, nicolae_vaults_surprise_closet,
          nicolae_vaults_security_offices_4, nicolae_vaults_trapezoid_3,
          vaults_room_door_ring, nicolae_vaults_tetromino_T_1,
          layout_vaults_omnigrid
Vaults:2: hangedman_vaults_nails, ontoclasm_vaults_hangar,
          hangedman_vaults_corner_blocks, minmay_crypt_entry_necro_gods,
          ontoclasm_vaults_tryst, nicolae_vaults_house_2, vaults_room_door_ring,
          vaults_room_pools, vaults_mumra_hex, nicolae_vaults_network_s,
          nicolae_vaults_trapezoid_2, nicolae_vaults_cochlea,
          nicolae_vaults_trapezoid_layered, minmay_orc_keep, v_misc_23,
          layout_vaults_omnicross
Vaults:3: nicolae_vaults_storage_closets_1, nicolae_vaults_display_case,
          ontoclasm_vaults_hangar, nicolae_vaults_hexular_roomagon,
          nicolae_vaults_sightless_eye, hangedman_vaults_maws,
          nicolae_vaults_trapezoid_2, nicolae_vaults_yaktaur_gun_rack,
          serial_library_hellmonk_semicircle, layout_vaults_chaotic_city,
          uniq_frederick
Vaults:4: hangedman_vaults_capsules, nicolae_vaults_storage_room_doors,
          nicolae_vaults_swerve, vaults_room_mumra_shop_pool,
          nicolae_vaults_shipping_containers_5, ontoclasm_vaults_ligature,
          nicolae_vaults_little_squares_1, ontoclasm_vaults_ring_square,
          nicolae_vaults_surprise_closet, nicolae_vaults_angled_halls, v_misc_4,
          nicolae_vaults_network_quincunx
          [nicolae_vaults_network_quincunx_subvault,
          nicolae_vaults_network_quincunx_subvault,
          nicolae_vaults_network_quincunx_subvault,
          nicolae_vaults_network_quincunx_subvault,
          nicolae_vaults_network_quincunx_subvault], ontoclasm_vaults_eye,
          hangedman_vaults_pinch, ontoclasm_vaults_gateway,
          layout_vaults_omnibox, serial_shops, nicolae_shop_rolled_up
Vaults:5
Crypt:1:  cheibrodos_crypt_draghalla, layout_catacombs,
          nicolae_crypt_skeletal_stairs
Crypt:2:  layout_rooms, hangedman_summoners_spam
Crypt:3:  church_of_pain_bobbens, layout_chaotic_city, minivault_11,
          minmay_misc_feat_pillars
Depths:1: layout_cave_pools, enter_ziggurat_b, abyss_entry, hell_entry,
          fedhas_altar_2, chequers_big_river, st_stairs_11,
          serial_bayou_lagoon_a, grunt_decor_fettered, evilmike_ambush
          [evilmike_ambush_outer_corners, evilmike_ambush_inner_basic]
Depths:2: evilmike_iron_armoury, layout_gridville, enter_trove_5,
          grunt_metal_band, abyss_entry, grunt_pan_entry_sceptre,
          infiniplex_enter_wizlab_glasses, chequers_serial_rivers_small_b,
          amcnicky_mini_pool_small, hangedman_decor_riveting, tso_altar,
          minmay_shop_grove, uniq_mara
Depths:3: minmay_textured_paths, layout_basic,
          nicolae_abyss_entry_one_way_or_another, hell_entry,
          hangedman_abyss_or_decor_stagger, uniq_enchantress, uniq_jory
Depths:4: grunt_zot_entry_alcove, layout_honeycomb, gammafunk_ghost_mausoleum,
          pf_hell_entry_tar_river, minmay_misc_feat_rows, uniq_grunn
Zot:1:    layout_cathedral_of_symmetry, regret_index_zotdec_banners
Zot:2:    layout_misc_corridors, regret_index_zotdec_iron_s
Zot:3:    hellmonk_paralyzer, layout_basic, uniq_josephina
Zot:4:    layout_concentric_octagons, regret_index_zotdec_silver_v_v_loose,
          grunt_megastairs_1
Zot:5:    layout_misc_corridors

Skill      XL: |  1  2  3  4  5  6  7  8  9 10 11 12 13 14 15 16 17 18 19 20 21 22 23 24 25 26 |
---------------+-------------------------------------------------------------------------------+-----
Fighting       | 4 5 7 8 9 10 12 14 16 18 19 21 23 24 26 27 | 27.0
Shields        | 4 5 10 16 19 20 21 25 27 | 27.0
Axes           | 3 4 5 6 7 11 12 13 15 16 18 | 18.0
Invocations    | 4 |  4.8
Armour         | 7 10 12 14 16 18 19 21 22 23 25 27 | 27.0
Evocations     | 2 5 7 8 10 12 | 12.0
Dodging        | 3 8 10 12 19 24 | 24.2
Throwing       | 6 12 | 12.0
Spellcasting   | |  0.3

Action                     |  1- 3 |  4- 6 |  7- 9 | 10-12 | 13-15 | 16-18 | 19-21 | 22-24 | 25-27 || total
---------------------------+-------+-------+-------+-------+-------+-------+-------+-------+-------++-------
  Melee: War axe           |    85 |    92 |   243 |   446 |   321 |       |       |       |       ||  1187
         Headbutt          |     9 |    14 |    52 |    93 |   275 |   333 |   431 |   574 |   445 ||  2226
         Unarmed           |       |       |       |     4 |       |       |       |       |       ||     4
         Broad axe         |       |       |       |       |   872 |  1344 |  1491 |   581 |       ||  4288
         Labrys            |       |       |       |       |       |       |       |  1260 |  1317 ||  2577
   Fire: Sling             |       |    10 |       |       |       |       |       |       |       ||    10
         Greatsling        |       |       |       |       |       |       |     1 |       |       ||     1
  Throw: Dart              |       |       |    11 |    19 |     3 |     1 |       |       |       ||    34
         Stone             |       |       |    39 |       |       |       |       |       |       ||    39
         Boomerang         |       |       |       |       |       |   108 |     9 |    50 |    43 ||   210
         Javelin           |       |       |       |       |       |       |     2 |    11 |     1 ||    14
 Invoke: Berserk           |       |       |     1 |     9 |     7 |    10 |    10 |     3 |     5 ||    45
         Trog's Hand       |       |       |       |     1 |       |     3 |     3 |     2 |     2 ||    11
         Brothers in Arms  |       |       |       |       |       |     2 |     2 |     3 |       ||     7
  Evoke: Wand              |       |       |       |     1 |       |       |     2 |       |       ||     3
         Phantom mirror    |       |       |       |       |       |     2 |     1 |     1 |       ||     4
         Condenser vane    |       |       |       |       |       |       |     2 |     2 |       ||     4
         Phial of floods   |       |       |       |       |       |       |     1 |       |     1 ||     2
         Lightning rod     |       |       |       |       |       |       |       |     6 |       ||     6
         Box of beasts     |       |       |       |       |       |       |       |     1 |       ||     1
    Use: Scroll            |       |    13 |     3 |    11 |     7 |     1 |     9 |     4 |     8 ||    56
         Potion            |       |     3 |     1 |     5 |     1 |     4 |     2 |     6 |     9 ||    31
   Stab: Paralysed         |       |       |       |     4 |       |       |       |       |       ||     4
         Petrified         |       |       |       |       |     4 |       |       |       |       ||     4
         Confused          |       |       |       |       |       |       |     4 |       |       ||     4
         Distracted        |       |       |       |       |       |       |     1 |       |       ||     1
         Invisible         |       |       |       |       |       |       |       |     5 |       ||     5
 Armour: Scale mail        |    47 |    64 |     9 |       |       |       |       |       |       ||   120
         Chain mail        |       |       |   111 |       |       |       |       |       |       ||   111
         Plate armour      |       |       |    71 |   380 |   840 |   809 |   460 |       |       ||  2560
         Skin              |       |       |       |     2 |       |       |       |       |       ||     2
         Shadow dragon sca |       |       |       |       |       |       |     6 |   115 |       ||   121
         Gold dragon scale |       |       |       |       |       |       |       |   496 |   540 ||  1036
  Dodge: Dodged            |    35 |    41 |    62 |   109 |   456 |   502 |   313 |   251 |   236 ||  2005
  Block: Buckler           |    15 |    14 |    43 |    69 |   219 |     5 |       |       |       ||   365
         Tower shield      |       |       |       |       |       |  1565 |  1482 |  1666 |  1289 ||  6002
         Reflection        |       |       |       |       |       |    74 |    79 |       |       ||   153
